 Dungeon Crawl Stone Soup version 0.31-a0-675-g238779eb0a (webtiles) character file.

Game seed: 18419265170920119586

145 qw the Shooter (level 5, 0/32 HPs)
             Began as a Gargoyle Hunter on Sept 5, 2023.
             Slain by a jackal (2 damage)
             ... on level 4 of the Dungeon.
             The game lasted 00:01:08 (2718 turns).

qw the Shooter (Gargoyle Hunter)                    Turns: 2718, Time: 00:01:08

Health: 0/32       AC:  9    Str: 14    XL:     5   Next: 27%
Magic:  5/5        EV: 11    Int: 10    God:
Gold:   162        SH:  0    Dex: 15    Spells: 4/4 levels left

rFire   . . .        Y - +0 shortbow
rCold   . . .        (shield currently unavailable)
rNeg    + . .        i - +0 ring mail
rPois   inf          (no helmet)
rElec   +            (no cloak)
rCorr   .            (no gloves)
SInv    .            (no boots)
Will    .....        (no amulet)
Stlth   +            (no ring)
HPRegen 0.25/turn    (no ring)
MPRegen 0.09/turn

%: no passive effects
@: no status effects
A: sickness immunity, AC +4, negative energy resistance 1, electricity
resistance, torment resistance 1, petrification resistance
a: no special abilities


You were on level 4 of the Dungeon.
You visited 1 branch of the dungeon, and saw 4 of its levels.

You collected 162 gold pieces.


Innate Abilities, Weirdness & Mutations

You are immune to sickness and miasma.
Your stone body is resilient. (AC +4)
You are immune to poison.
You resist negative energy. (rN+)
You are resistant to electric shocks. (rElec)
You are resistant to unholy torment.
You are immune to petrification.


   Skills:
 - Level 3.0 Fighting
 + Level 5.9 Ranged Weapons
 - Level 1.3 Armour
 - Level 1.5 Dodging
 - Level 1.1 Stealth


You had 4 spell levels left.
You didn't know any spells.
Your spell library was empty.

Inventory:

Hand Weapons
 Y - a +0 shortbow (weapon)
Armour
 i - a +0 ring mail (worn)
Scrolls
 e - a scroll of identify
Potions
 c - a potion of berserk rage {unknown}
 d - a potion of curing {unknown}
 f - a potion of brilliance {unknown}
 g - a potion of heal wounds {unknown}
 h - a potion of resistance {unknown}
 j - a potion of degeneration {unknown}
 k - a potion of haste {unknown}

Dungeon Overview and Level Annotations

Branches:
Dungeon (4/15)
 Temple: D:4-7

Altars:


Message History

You shoot an arrow. The arrow hits the hound.
The hound is almost dead.
The hound closely misses you.
You shoot an arrow. The arrow barely misses the scorpion.
You shoot an arrow. The arrow closely misses the scorpion.
The scorpion stings you but does no damage. x2
You shoot an arrow. The arrow barely misses the scorpion.
The scorpion completely misses you.
You shoot an arrow. The arrow hits the scorpion!
The scorpion is moderately wounded.
The scorpion closely misses you. The scorpion stings you.
You shoot an arrow. The arrow closely misses the scorpion.
The scorpion misses you.
You shoot an arrow.
The arrow hits the scorpion but does no damage.
The scorpion is moderately wounded.
The scorpion closely misses you.
The scorpion stings you but does no damage.
You shoot an arrow. The arrow hits the scorpion.
The scorpion is heavily wounded.
The scorpion stings you.
2715 ||| READING scroll of teleportation.
As you read the scroll of teleportation, it crumbles to dust.
You feel strangely unstable. The scorpion stings you.
You shoot an arrow. The arrow barely misses the scorpion.
The scorpion stings you.
The scorpion stings you but does no damage.
You shoot an arrow.
The arrow hits the scorpion but does no damage.
The scorpion is heavily wounded.
The scorpion barely misses you.
You shoot an arrow. The arrow closely misses the scorpion.
Your surroundings suddenly seem different.
An endoplasm comes into view.
Found a ring mail.
The jackal barks! x3
The endoplasm quivers.
The jackal bites you.
You die...

...)...##.......#
...............##
........<.....##
..#..>....#..##
.......<..#...#
....h.........#
.(.............#
#.....h.......#
#....h@...##.##
#(.......###..
...........##.
...........##..
............#..####
.......[..........#
....J..........#..#
..............##..##
#...#


You could see an endoplasm and 3 jackals.

Vanquished Creatures
  3 adders
  An ufetubus (D:4)
  A worm (D:3)
  4 dart slugs
  2 orcs (D:4)
  11 ball pythons
  4 bats
  10 endoplasms
  5 giant cockroaches
  9 hobgoblins
  10 jackals
  6 kobolds
  2 quokkas (D:3)
  5 frilled lizards
  7 goblins
  9 rats
89 creatures vanquished.

Notes
Turn   | Place    | Note
-------+----------+-------------------------------------------
     0 | D:1      | qw the Gargoyle Hunter began the quest for the Orb.
     0 | D:1      | Reached XP level 1. HP: 12/12 MP: 1/1
     0 | D:1      | 0 ||| qw: Version: 0.3-a-75-gb5c8c4b
     0 | D:1      | 0 ||| qw: Game counter: 21
     0 | D:1      | 0 ||| qw: Melee chars always use a shield: true
     0 | D:1      | 0 ||| qw: God list: Okawaru
     0 | D:1      | 0 ||| qw: Allow faded altars: false
     0 | D:1      | 0 ||| qw: Do Orc after clearing Dungeon:15 true
     0 | D:1      | 0 ||| qw: Do second Lair branch before Depths: true
     0 | D:1      | 0 ||| qw: Lair rune preference: random
     0 | D:1      | 0 ||| qw: Goals: Normal
     0 | D:1      | 0 ||| PLANNING D:1-11
   116 | D:1      | 116 ||| Stepping ~*~*~tactically~*~*~ (outnumbered).
   120 | D:1      | Reached XP level 2. HP: 17/17 MP: 2/2
   230 | D:1      | 230 ||| Stepping ~*~*~tactically~*~*~ (retreating).
   231 | D:1      | 231 ||| Stepping ~*~*~tactically~*~*~ (retreating).
   239 | D:1      | Reached XP level 3. HP: 20/21 MP: 3/3
   243 | D:1      | Reached skill level 5 in Ranged Weapons
   547 | D:1      | You fall into a shaft and drop 1 floor!
   614 | D:2      | Reached skill level 3 in Fighting
   719 | D:2      | 719 ||| UPGRADING to +0 ring mail.
   729 | D:2      | 729 ||| DROPPING +0 leather armour.
   730 | D:2      | 730 ||| READING scroll labelled RIVVIFF REDENG.
   731 | D:2      | 731 ||| READING scroll labelled KUUTSA LAENU.
   732 | D:2      | 732 ||| READING scroll labelled OCUROUWNU RIOTE.
   733 | D:2      | 733 ||| READING scroll labelled IRAUXZ OLOCI.
   834 | D:2      | 834 ||| DROPPING scroll of butterflies.
   859 | D:1      | Reached XP level 4. HP: 28/28 MP: 4/4
  1149 | D:2      | Reached skill level 1 in Armour
  1604 | D:2      | 1604 ||| READING scroll labelled COKHAU ZATSY.
  1605 | D:2      | 1605 ||| READING 3 scrolls labelled IQAJUF JESCHOF.
  1610 | D:2      | 1610 ||| READING scroll labelled MUEQESU PAATRE.
  1759 | D:3      | 1759 ||| Stepping ~*~*~tactically~*~*~ (water).
  1766 | D:3      | 1766 ||| Stepping ~*~*~tactically~*~*~ (water).
  1901 | D:3      | 1901 ||| READING scroll labelled ICWEAR BOTU.
  1902 | D:3      | 1902 ||| READING 2 scrolls of identify.
  1902 | D:3      | 1902 ||| IDENTIFYING sedimented sapphire potion
  1903 | D:3      | 1903 ||| DROPPING potion of lignification.
  2199 | D:3      | Reached XP level 5. HP: 31/32 MP: 5/5
  2512 | D:3      | 2512 ||| READING 2 scrolls of identify.
  2512 | D:3      | 2512 ||| IDENTIFYING orange potion
  2513 | D:3      | 2513 ||| DROPPING potion of ambrosia.
  2575 | D:4      | HP: 8/32 [endoplasm (2)]
  2576 | D:4      | 2576 ||| READING 2 scrolls of teleportation.
  2690 | D:4      | Noticed a phantom
  2695 | D:4      | 2695 ||| Stepping ~*~*~tactically~*~*~ (outnumbered).
  2714 | D:4      | HP: 8/32 [scorpion (4)]
  2715 | D:4      | 2715 ||| READING scroll of teleportation.
  2716 | D:4      | HP: 1/32 [scorpion (6)]
  2718 | D:4      | Slain by a jackal

Levels and vault maps discovered:
D:1:      matt_arrival_grand_opening, layout_basic, minmay_misc_feat_five
D:2:      layout_basic
D:3:      layout_loops_ring, serial_bayou, serial_bayou_lake_a,
          serial_bayou_shore_b, serial_bayou_pond_e, serial_bayou_crossing,
          serial_bayou_pond_b, serial_bayou_lagoon_a
D:4:      layout_cave_pools, minmay_bent

Skill      XL: |  1  2  3  4 |
---------------+-------------+-----
Ranged Weapons | 5 |  5.9
Fighting       | 3 |  3.0
Armour         | 1 |  1.3
Dodging        | |  1.5
Stealth        | |  1.1

Action                     |  1- 3 |  4- 6 || total
---------------------------+-------+-------++-------
   Fire: Shortbow          |   107 |   167 ||   274
    Use: Scroll            |     4 |     8 ||    12
 Armour: Leather armour    |    22 |       ||    22
         Ring mail         |     1 |    85 ||    86
  Dodge: Dodged            |    22 |    88 ||   110

Table legend:
 A = Non-vault XP
 B = Vault XP
 C = Vault XP percentage of total XP
 D = Non-vault monster count
 E = Vault monster count
 F = Vault count percentage of total count
                 A         B        C        D         E       F
            +---------+---------+-------+---------+---------+-------
      Total |     185 |      23 |  11.1 |      85 |       4 |   4.5
            +---------+---------+-------+---------+---------+-------
        D:1 |      62 |       0 |   0.0 |      33 |       0 |   0.0
        D:2 |      72 |       0 |   0.0 |      26 |       0 |   0.0
        D:3 |      29 |      21 |  42.0 |      19 |       3 |  13.6
        D:4 |      22 |       2 |   8.3 |       7 |       1 |  12.5
            +---------+---------+-------+---------+---------+-------
